 Dungeon Crawl Stone Soup version 0.31-a0-355-g57cb03d3e8 (webtiles) character file.

Game seed: 2214317718413078037

830 cforsyth the Charlatan (level 7, -2/46 (53) HPs)
             Began as a Gnoll Artificer on July 24, 2023.
             Slain by a wight
             ... wielding a +4 long sword of freezing
              (7 damage)
             ... on level 5 of the Dungeon.
             The game lasted 00:12:41 (5052 turns).

cforsyth the Charlatan (Gnoll Artificer)            Turns: 5052, Time: 00:12:41

HP:   -2/46 (53)    AC: 13    Str: 11    XL:     7   Next: 97%
MP:   11/11         EV:  7    Int: 12    God:
Gold: 193           SH:  0    Dex: 13    Spells: 11/11 levels left

rFire   . . .        a - +0 short sword (speed)
rCold   . . .        (no shield)
rNeg    + . .        r - +0 chain mail
rPois   .            (no helmet)
rElec   .            D - +2 cloak
rCorr   .            (no gloves)
SInv    .            (no boots)
Will    .....        n - amulet of regeneration Stlth
                     y - ring of wizardry
HPRegen 1.07/turn    z - ring of positive energy
MPRegen 0.12/turn

%: wizardry (x1)
@: heavily drained
A: fangs 1, strong nose, distributed training
a: no special abilities


You were on level 5 of the Dungeon.
You visited 1 branch of the dungeon, and saw 6 of its levels.
You also visited: Ossuary.

You collected 193 gold pieces.

Inventory:

Hand Weapons
 a - a +0 short sword of speed (weapon)
 J - a +3 antimagic spear
Armour
 b - a +0 leather armour
 r - a +0 chain mail (worn)
 D - a +2 cloak (worn)
 F - a +0 ring mail of fire resistance
Jewellery
 f - an amulet of the acrobat
 n - an amulet of regeneration (around neck)
 y - a ring of wizardry (left hand)
 z - a ring of positive energy (right hand)
 E - the amulet of Peky {rN++ Regen+ Slay+5 Stlth-}
   (You found it on level 4 of the Dungeon)

   [amulet of regeneration]

   Slay:      It affects your accuracy & damage with ranged weapons and melee
   (+5).
   rN:        It greatly protects you from negative energy.
   Regen:     It increases your rate of health regeneration.
   Stlth:     It makes you less stealthy.
Wands
 c - a wand of flame (2) (quivered)
 d - a wand of charming (14)
 e - a wand of iceblast (2)
Scrolls
 g - 6 scrolls of identify {unknown}
 h - 3 scrolls of fog {unknown}
 k - 2 scrolls of amnesia
 l - 3 scrolls of immolation
 s - 2 scrolls of brand weapon {unknown}
 t - a scroll of noise {unknown}
 v - 2 scrolls of poison {unknown}
 x - 2 scrolls of enchant armour {unknown}
 A - a scroll of fear {unknown}
 B - 2 scrolls of enchant weapon {unknown}
 C - 2 scrolls of teleportation {unknown}
 H - a scroll of revelation {unknown}
 I - a scroll of blinking {unknown}
Potions
 i - a potion of ambrosia {unknown}
 j - a potion of attraction {unknown}
 m - a potion of degeneration {unknown}
 o - 5 potions of curing {unknown}
 p - a potion of mutation {unknown}
 q - 2 potions of might {unknown}
 u - 4 potions of brilliance {unknown}
 w - 2 potions of haste {unknown}
 G - 2 potions of resistance {unknown}


   Skills:
 + Level 3.9 Fighting
 + Level 2.9 Short Blades
 + Level 2.9 Long Blades
 + Level 2.9 Axes
 + Level 2.9 Maces & Flails
 + Level 2.9 Polearms
 + Level 2.9 Staves
 + Level 2.9 Ranged Weapons
 + Level 2.9 Throwing
 + Level 5.4 Armour
 + Level 3.9 Dodging
 + Level 3.8 Stealth
 + Level 2.9 Shields
 + Level 2.9 Unarmed Combat
 + Level 2.9 Spellcasting
 + Level 2.3 Conjurations
 + Level 2.3 Hexes
 + Level 2.3 Summonings
 + Level 2.3 Necromancy
 + Level 2.3 Translocations
 + Level 2.3 Transmutations
 + Level 2.3 Fire Magic
 + Level 2.3 Ice Magic
 + Level 2.3 Air Magic
 + Level 2.3 Earth Magic
 + Level 2.3 Poison Magic
 + Level 3.2 Invocations
 + Level 7.2 Evocations
 + Level 2.3 Shapeshifting


You had 11 spell levels left.
You didn't know any spells.
Your spell library contained the following spells:

 Spells                   Type           Power      Damage    Failure   Level
 Apportation              Tloc           14%        N/A       63%         1
 Cigotuvi's Dreadful Rot  Necr/Pois/Air  14%        N/A       77%         2
 Lesser Beckoning         Tloc           14%        N/A       77%         2
 Gell's Gravitas          Tloc           7%         N/A       92%         3
 Ozocubu's Armour         Ice            7%         N/A       92%         3
 Portal Projectile        Hex/Tloc       14%        N/A       92%         3
 Teleport Other           Tloc           7%         N/A       92%         3
 Tukima's Dance           Hex            7%         N/A       92%         3
 Airstrike                Air            3%         2d(1-17)  100%        4
 Cause Fear               Hex            3%         N/A       100%        4
 Iskenderun's Mystic Bla  Conj/Tloc      7%         2d4       100%        4
 Alistair's Intoxication  Tmut/Pois      4%         N/A       100%        5
 Fireball                 Conj/Fire      3%         3d4       100%        5
 Ozocubu's Refrigeration  Ice            3%         4d8       100%        7
 Dragon's Call            Summ           3%         N/A       100%        9


Dungeon Overview and Level Annotations

Branches:
Dungeon (6/15)             Temple (0/1) D:5         Ossuary (visited)

Altars:
Dithmenos
Gozag
The Shining One

Shops:
D:4 :[   D:6 *


Innate Abilities, Weirdness & Mutations

You have very sharp teeth.
Your uncanny sense of smell can sniff out nearby items.
Your experience applies equally to all skills.


Message History

There is a stone staircase leading down here.
You hit the wight but do no damage.
The wight is lightly damaged.
The wight hits you with a +4 long sword of freezing.
You partially resist.
You feel drained. The wight freezes you.
You barely miss the wight.
The wight is lightly damaged.
You hit the wight. You bite the wight, but do no damage.
The wight is moderately damaged.
The wight hits you with a +4 long sword of freezing!
You partially resist.
You feel drained. The wight freezes you.
You are too injured to fight recklessly!
You are too injured to fight recklessly!
You are too injured to fight recklessly!
You are too injured to fight recklessly!
You are too injured to fight recklessly!
You are too injured to fight recklessly!
You are too injured to fight recklessly!
You are too injured to fight recklessly!
The wight attacks as you move away!
The wight hits you with a +4 long sword of freezing.
You partially resist.
You feel drained. The wight freezes you.
* * * LOW HITPOINT WARNING * * *
Aiming: Throw Flame
Press: ? - help, Shift-Dir - straight line, f - wight
Aim: a wight, wielding a +4 long sword of freezing and wearing a +0 robe (moderately damaged, 76% to hit)
The puff of flame hits the wight!
The wight is severely damaged.
The wight hits you with a +4 long sword of freezing!
* * * LOW HITPOINT WARNING * * *
You partially resist.
You feel drained.
* * * LOW HITPOINT WARNING * * *
The wight freezes you.
* * * LOW HITPOINT WARNING * * *
Aiming: Throw Flame
Press: ? - help, Shift-Dir - straight line, f/p - wight
Aim: a wight, wielding a +4 long sword of freezing and wearing a +0 robe (severely damaged, 76% to hit)
The puff of flame misses the wight.
The wight hits you with a +4 long sword of freezing!
You die...

#.# #.#.# #.# #.# #.#.# #.# #.#
#.#>######.# ########.####
#.#........#
............########.##########
########.............#
###....[...[[[######
#.###.####>......# #.#
#..@z..[####.# #.###.####..#
#.# #....## #..# #.#
#...######..# #.#
#...##......####.#######
#...##.###..............
#...##.# #..######..###.
#...##.######### ##.# #>
#.........####_####.# #.


You could see a wight.

Vanquished Creatures
  2 gnoll sergeants
  A scorpion (D:5)
  A howler monkey (D:6)
  2 hounds (D:5)
  3 iguanas (D:5)
  3 orc wizards
  12 mummies (Ossuary)
  8 gnolls
  5 adders
  A shadow imp (D:5)
  A white imp (D:5)
  A worm zombie (D:5)
  3 dart slugs
  14 orcs
  8 endoplasms
  2 giant cockroaches
  7 goblins
  5 hobgoblins
  2 jackals (D:1)
  9 kobolds
  5 quokkas
  6 ball pythons
  5 bats
  2 frilled lizards (D:3)
  2 gnoll skeletons (Ossuary)
  4 goblin skeletons (Ossuary)
  2 orc skeletons (Ossuary)
  5 rats
  11 rat skeletons (Ossuary)
132 creatures vanquished.

Vanquished Creatures (others)
  An ogre (D:6)
1 creature vanquished.

Grand Total: 133 creatures vanquished

Notes
Turn   | Place    | Note
-------+----------+-------------------------------------------
     0 | D:1      | cforsyth the Gnoll Artificer began the quest for the Orb.
     0 | D:1      | Reached XP level 1. HP: 17/17 MP: 1/1
   128 | D:1      | Reached XP level 2. HP: 20/23 MP: 2/2
   569 | D:1      | Reached XP level 3. HP: 28/28 MP: 3/3
   830 | D:2      | Reached skill level 1 in Invocations
  1084 | D:2      | Reached skill level 1 in Short Blades
  1084 | D:2      | Reached skill level 1 in Long Blades
  1084 | D:2      | Reached skill level 1 in Axes
  1084 | D:2      | Reached skill level 1 in Maces & Flails
  1084 | D:2      | Reached skill level 1 in Polearms
  1084 | D:2      | Reached skill level 1 in Staves
  1084 | D:2      | Reached skill level 1 in Ranged Weapons
  1084 | D:2      | Reached skill level 1 in Throwing
  1084 | D:2      | Reached skill level 1 in Shields
  1084 | D:2      | Reached skill level 1 in Unarmed Combat
  1084 | D:2      | Reached skill level 1 in Spellcasting
  1457 | D:3      | Reached XP level 4. HP: 30/34 MP: 5/5
  1533 | D:2      | Reached skill level 1 in Conjurations
  1533 | D:2      | Reached skill level 1 in Hexes
  1533 | D:2      | Reached skill level 1 in Summonings
  1533 | D:2      | Reached skill level 1 in Necromancy
  1533 | D:2      | Reached skill level 1 in Translocations
  1533 | D:2      | Reached skill level 1 in Transmutations
  1533 | D:2      | Reached skill level 1 in Fire Magic
  1533 | D:2      | Reached skill level 1 in Ice Magic
  1533 | D:2      | Reached skill level 1 in Air Magic
  1533 | D:2      | Reached skill level 1 in Earth Magic
  1533 | D:2      | Reached skill level 1 in Poison Magic
  1533 | D:2      | Reached skill level 1 in Shapeshifting
  1996 | D:3      | Reached XP level 5. HP: 40/40 MP: 5/7
  2347 | D:4      | Found a shadowy altar of Dithmenos.
  2352 | D:4      | Found an opulent altar of Gozag.
  2512 | D:4      | Found Momueg's Self-Improvement Boutique.
  2514 | D:4      | Identified the amulet of Peky {rN++ Regen+ Slay+5 Stlth-}
  2657 | D:4      | Found Rysomuz's Armour Boutique.
  2939 | D:5      | Entered Level 5 of the Dungeon
  3096 | D:5      | Reached XP level 6. HP: 47/47 MP: 8/8
  3113 | D:5      | Reached skill level 5 in Armour
  3195 | D:5      | Found a sand-covered staircase.
  3248 | Ossuary  | Entered an ossuary
  3280 | Ossuary  | Reached XP level 7. HP: 21/52 MP: 10/10
  3401 | Ossuary  | Reached skill level 7 in Evocations
  3888 | D:5      | Found a staircase to the Ecumenical Temple.
  3994 | D:5      | Found a glowing golden altar of the Shining One.
  4193 | D:5      | Got Syubah's Handbook of Overhead Ice
  4876 | D:6      | Found Xiteejar's Assorted Antiques.
  5052 | D:5      | Slain by a wight

Illustrated notes

Levels and vault maps discovered:
D:1:      dpeg_arrival_rooms_c, layout_basic
D:2:      cheibrodos_helix_gallery, layout_rooms, corexii_corridor_pit
D:3:      layout_rooms, grunt_ministairs_7, due_unseen_surprise
D:4:      layout_loops_cross, mainiacjoe_overflow_big_doors, serial_shops,
          nicolae_shop_peninsula, nicolae_shop_self_help
D:5:      layout_loops_ring, tso_altar, minmay_temple_entry_butterflies,
          enter_ossuary_3
D:6:      layout_rooms, trog_ov_bears_minmay, serial_shops, shop,
          grunt_tough_drop

Skill      XL: |  1  2  3  4  5  6  7 |
---------------+----------------------+-----
Invocations    | 1 2 3 |  3.2
Short Blades   | 1 2 |  2.9
Long Blades    | 1 2 |  2.9
Axes           | 1 2 |  2.9
Maces & Flails | 1 2 |  2.9
Polearms       | 1 2 |  2.9
Staves         | 1 2 |  2.9
Ranged Weapons | 1 2 |  2.9
Throwing       | 1 2 |  2.9
Shields        | 1 2 |  2.9
Unarmed Combat | 1 2 |  2.9
Spellcasting   | 1 2 |  2.9
Conjurations   | 1 2 |  2.3
Hexes          | 1 2 |  2.3
Summonings     | 1 2 |  2.3
Necromancy     | 1 2 |  2.3
Translocations | 1 2 |  2.3
Transmutations | 1 2 |  2.3
Fire Magic     | 1 2 |  2.3
Ice Magic      | 1 2 |  2.3
Air Magic      | 1 2 |  2.3
Earth Magic    | 1 2 |  2.3
Poison Magic   | 1 2 |  2.3
Shapeshifting  | 1 2 |  2.3
Fighting       | 3 |  3.9
Dodging        | 3 |  3.9
Stealth        | 3 |  3.8
Armour         | 5 |  5.4
Evocations     | 7 |  7.2

Action                     |  1- 3 |  4- 6 |  7- 9 || total
---------------------------+-------+-------+-------++-------
  Melee: Club              |   152 |    24 |       ||   176
         Bite              |    11 |    40 |    66 ||   117
         Punch             |     2 |     5 |     9 ||    16
         Short sword       |       |   317 |   473 ||   790
  Evoke: Wand              |     2 |     7 |     8 ||    17
    Use: Scroll            |       |     2 |       ||     2
   Stab: Sleeping          |     1 |       |       ||     1
 Armour: Leather armour    |    40 |       |       ||    40
         Chain mail        |     5 |   144 |   138 ||   287
  Dodge: Dodged            |   114 |    72 |    91 ||   277

Table legend: (Time is in decaauts)
 A = Elapsed time spent in this place.
 B = Non-inter-level travel time spent in this place.
 C = Inter-level travel time spent in this place.
 D = Time resting spent in this place.
 E = Time spent auto-exploring this place.
 F = Levels seen in this place.
 G = Mean time per level.
                   A        B        C        D        E       F      G
               +--------+--------+--------+--------+--------+-----+--------+
         Total |   4786 |   4637 |    149 |    523 |   2581 |   7 |  683.7 |
       Dungeon |   4283 |   4134 |    149 |    523 |   2323 |   6 |  713.8 |
       Ossuary |    502 |    502 |      0 |      0 |    258 |   1 |  502.0 |
               +--------+--------+--------+--------+--------+-----+--------+

Top non-repeatable levels by time:
     D:5: 1176 daAuts
     D:2: 883 daAuts
     D:1: 846 daAuts
     D:4: 764 daAuts
     D:3: 523 daAuts
 Ossuary: 502 daAuts
     D:6: 88 daAuts
